 Dungeon Crawl Stone Soup version 0.29.1-15-g9cfb28693d (webtiles) character file.

Game seed: 4504492146292002682

95 GeoRichter the Trooper (level 4, -1/35 HPs)
             Began as a Demonspawn Wanderer on Mar 17, 2023.
             Slain by Crazy Yiuf
             ... wielding a +3 quarterstaff of chaos
              (3 damage)
             ... on level 2 of the Dungeon.
             The game lasted 00:04:02 (1789 turns).

GeoRichter the Trooper (Demonspawn Wanderer)        Turns: 1789, Time: 00:04:02

Health: -1/35      AC: 10    Str: 11    XL:     4   Next: 39%
Magic:  7/7        EV: 10    Int: 15    God:
Gold:   96         SH:  4    Dex: 14    Spells: 7/7 levels left

rFire   . . .      SeeInvis .   a - +1 dagger (drain)
rCold   . . .      Faith    .   e - +0 buckler {AC+3}
rNeg    . . .      Spirit   .   f - +0 ring mail
rPois   .          Reflect  .   n - +0 helmet
rElec   .          Harm     .   h - scarf {shadows}
rCorr   .          Rampage  .   b - +0 pair of gloves
Will    .....                   (no boots)
Stlth   +.........              (no amulet)
HPRegen 0.11/turn               (no ring)
MPRegen 0.10/turn               (no ring)

@: no status effects
A: spiny 1
a: no special abilities


You were on level 2 of the Dungeon.
You visited 1 branch of the dungeon, and saw 2 of its levels.

You collected 96 gold pieces.

Inventory:

Hand Weapons
 a - a +1 dagger of draining (weapon)
   (You took it off a goblin on level 1 of the Dungeon)
Armour
 b - a +0 pair of gloves (worn)
 e - a +0 buckler of protection (worn)
 f - a +0 ring mail (worn)
   (You found it on level 1 of the Dungeon)
 h - a scarf of shadows (worn)
   (You found it on level 1 of the Dungeon)
 n - a +0 helmet (worn)
   (You found it on level 2 of the Dungeon)
Magical Staves
 k - a staff of conjuration {!a}
   (You found it on level 1 of the Dungeon)
Scrolls
 c - a scroll of blinking
 o - a scroll of enchant weapon {unknown}
 p - a scroll of enchant armour {unknown}
 q - a scroll of poison {unknown}
Potions
 d - a potion of might
 g - a potion of magic {unknown}
 i - a potion of mutation {unknown}
 j - a potion of cancellation
 l - a potion of lignification {!q}


   Skills:
 + Level 3.5 Fighting
 * Level 1.9 Short Blades
 - Level 1.7 Dodging
 - Level 1.7 Shields
 - Level 2.0 Spellcasting
 - Level 1.7 Transmutations
 - Level 1.0 Evocations


You had 7 spell levels left.
You didn't know any spells.
Your spell library contained the following spells:

 Spells                   Type           Power      Damage    Failure   Level
 Wereblood                Tmut           6%         N/A       47%         2
 Passwall                 Tmut/Erth      3%         N/A       61%         2
 Blink                    Tloc           2%         N/A       73%         2
 Lesser Beckoning         Tloc           1%         N/A       91%         3
 Manifold Assault         Tloc           1%         N/A       100%        5


Dungeon Overview and Level Annotations

Branches:
Dungeon (2/15) Zot: 10177

Altars:

Annotations:
D:2 Crazy Yiuf


Innate Abilities, Weirdness & Mutations

You are partially covered in sharp spines.


Message History

You see here a +0 hammer.
Crazy Yiuf shouts!
Crazy Yiuf says, "Whippet agre sing-song!"
Could not explore, unopened runed door.
Could not explore, unopened runed door.
Okay, then.
As you read the scroll labelled AXE BYNO PEICU, it crumbles to dust.
It is a scroll of identify.
j - a potion of cancellation
As you read the scroll of identify {@r1}, it crumbles to dust.
l - a potion of lignification
Here: Crazy Yiuf, wielding a +3 quarterstaff of chaos, wearing a +1 cloak and carrying a wand of flame (22) (fire blocked by a runed translucent door)
The floor.
Okay, then.
You open the door. You barely miss Crazy Yiuf.
Crazy Yiuf hits you but does no damage.
You hit Crazy Yiuf but do no damage.
Crazy Yiuf zaps a wand.
The puff of flame hits you!
You hit Crazy Yiuf but do no damage. You drain Crazy Yiuf.
Crazy Yiuf misses you.
You hit Crazy Yiuf. You drain Crazy Yiuf.
Crazy Yiuf drinks a potion.
Crazy Yiuf seems to grow stronger.
You barely miss Crazy Yiuf.
Crazy Yiuf hits you with a +3 quarterstaff of chaos!
Crazy Yiuf freezes you.
You barely miss Crazy Yiuf.
Crazy Yiuf says, "Ghoul!"
Crazy Yiuf barely misses you.
Unknown command.
You barely miss Crazy Yiuf.
Crazy Yiuf laughs, "Two pizzabubble down!"
Crazy Yiuf zaps a wand.
The puff of flame misses you.
You barely miss Crazy Yiuf. Crazy Yiuf barely misses you.
You hit Crazy Yiuf but do no damage. You drain Crazy Yiuf.
Crazy Yiuf closely misses you.
You closely miss Crazy Yiuf.
Crazy Yiuf zaps a wand.
The puff of flame hits you but does no damage.
You hit Crazy Yiuf.
Crazy Yiuf whimpers, "You!"
Crazy Yiuf hits you with a +3 quarterstaff of chaos!
* * * LOW HITPOINT WARNING * * *
Crazy Yiuf freezes you.
* * * LOW HITPOINT WARNING * * *
You hit Crazy Yiuf.
Crazy Yiuf cries, "Fluff forty-two infinity!"
Crazy Yiuf hits you with a +3 quarterstaff of chaos.
You die...

##### # #..)# #
#...# ### ... ..#
#g# #.# ##@# ..#
#.## ############
##.# ############
...........# #.##
#...........
#.####...### ##.##
############ ..#
#.#.### #.).## ###
#.....# #P.P.#
####### ##.##.#
#'..+# #.)....
#.##.#
#...)#########.###.#


You could see Crazy Yiuf (strong, very drained).

Vanquished Creatures
  An orc wizard (D:2)
  An adder (D:2)
  A worm (D:2)
  3 dart slugs
  2 orcs (D:2)
  3 bats
  3 endoplasms
  3 giant cockroaches
  5 goblins
  4 hobgoblins
  2 jackals (D:2)
  6 kobolds
  4 quokkas
  3 ball pythons
  3 frilled lizards
  2 rats (D:1)
46 creatures vanquished.

Notes
Turn   | Place    | Note
-------+----------+-------------------------------------------
     0 | D:1      | GeoRichter the Demonspawn Wanderer began the quest for the
                  | Orb.
     0 | D:1      | GeoRichter set off with the following items: a +0 club, a
                  | +0 pair of gloves, a scroll of blinking, a +0 robe, a +0
                  | buckler of protection; and the following spells available
                  | to memorise: Wereblood, Passwall.
     0 | D:1      | Reached XP level 1. HP: 15/15 MP: 3/3
   194 | D:1      | Reached skill level 2 in Fighting
   268 | D:1      | Gained mutation: You are partially covered in sharp spines.
                  | [demonic ancestry]
   268 | D:1      | Reached XP level 2. HP: 22/22 MP: 5/5
  1038 | D:2      | Reached skill level 3 in Fighting
  1043 | D:2      | Reached XP level 3. HP: 29/29 MP: 6/6
  1270 | D:2      | Reached skill level 1 in Short Blades
  1385 | D:2      | Reached XP level 4. HP: 34/35 MP: 7/7
  1483 | D:2      | Found a faded altar of an unknown god.
  1553 | D:2      | Found a runed translucent door.
  1554 | D:2      | Noticed Crazy Yiuf
  1789 | D:2      | Slain by Crazy Yiuf

Illustrated notes

Levels and vault maps discovered:
D:1:      ebering_hopf_link, layout_loops_ring
D:2:      layout_basic, ebering_ecumenical_altar_rust, minmay_strange_pillars,
          uniq_crazy_yiuf_cottage

Skill      XL: |  1  2  3 |
---------------+----------+-----
Fighting       | 2 3 |  3.5
Short Blades   | 1 |  1.9
Dodging        | |  1.7
Shields        | |  1.7
Spellcasting   | |  2.0
Transmutations | |  1.7
Evocations     | |  1.0

Action                   |  1- 3 |  4- 6 || total
-------------------------+-------+-------++-------
Melee: Club              |    92 |       ||    92
       Dagger            |    58 |    27 ||    85
       Short sword       |     2 |       ||     2
  Use: Scroll            |       |     2 ||     2
Armor: Ring mail         |    56 |     4 ||    60
Dodge: Dodged            |    77 |     9 ||    86
Block: Buckler           |    31 |     3 ||    34
